 Dungeon Crawl Stone Soup version 0.29-a0-378-gc08b2e8bf8 (webtiles) character file.

Game seed: 17842717630195838229

388 Bruhh the Slasher (level 6, -1/70 HPs)
             Began as a Merfolk Monk on May 5, 2022.
             Was a Follower of Uskayaw.
             Slain by Grinder (4 damage)
             ... on level 3 of the Dungeon.
             The game lasted 00:04:13 (3181 turns).

Bruhh the Slasher (Merfolk Monk)                    Turns: 3181, Time: 00:04:14

Health: -1/70      AC:  8    Str: 11    XL:     6   Next: 79%
Magic:  9/9        EV: 12    Int: 10    God:    Uskayaw [*.....]
Gold:   121        SH:  0    Dex: 20    Spells: 5/5 levels left

rFire   . . .      SeeInvis .   a - +0 falchion
rCold   . . .      Faith    .   (no shield)
rNeg    . . .      Spirit   .   n - +0 ring mail
rPois   .          Reflect  .   (no helmet)
rElec   .          Harm     .   (no cloak)
rCorr   .          Rampage  .   i - +0 pair of gloves
Will    .....                   (no boots)
Stlth   ..........              (no amulet)
HPRegen 0.21/turn               (no ring)
MPRegen 0.11/turn               (no ring)

@: berserking, very quick
A: (nimble swimmer 2), mertail, iridescent scales 1, thin skeletal structure 1
a: Renounce Religion, Stomp


You were on level 3 of the Dungeon.
You worshipped Uskayaw.
Uskayaw was noncommittal.
You visited 1 branch of the dungeon, and saw 3 of its levels.

You collected 121 gold pieces.

Inventory:

Hand Weapons
 a - a +0 falchion (weapon)
 p - a +0 dagger of draining
Armour
 b - a +0 robe
 g - a +0 leather armour
 i - a +0 pair of gloves (worn)
 n - a +0 ring mail (worn)
Jewellery
 l - a ring of flight
Scrolls
 d - a scroll of blinking {unknown}
 e - a scroll of fog {unknown}
 f - 2 scrolls of noise {unknown}
 h - a scroll of silence {unknown}
 k - 3 scrolls of teleportation {unknown}
 o - a scroll of amnesia {unknown}
Potions
 c - a potion of brilliance {unknown}
 j - a potion of berserk rage
 m - a potion of degeneration {unknown}


   Skills:
 - Level 3.2 Fighting
 + Level 7.0 Long Blades
 - Level 4.0 Dodging
 - Level 2.1 Stealth
 + Level 4.7 Invocations


You had 5 spell levels left.
You didn't know any spells.
Your spell library contained the following spells:

 Spells                   Type           Power      Damage    Failure   Level
 Slow                     Hex            0%         N/A       67%         1
 Confusing Touch          Hex            0%         N/A       95%         3
 Vampiric Draining        Necr           0%         2d6       95%         3


Dungeon Overview and Level Annotations

Branches:
Dungeon (3/15)

Altars:
Ashenzari
Kikubaaqudgha
Uskayaw

Shops:
D:2 ?

Annotations:
D:3 Grinder


Innate Abilities, Weirdness & Mutations

((You are very nimble when in or above water. (Stealth+, EV+, Speed+++)))
Your lower body shifts to a powerful aquatic tail in water.
You are partially covered in iridescent scales. (AC +2)
You have a somewhat thin skeletal structure. (Dex +2, Stealth+)


Message History

A bat is nearby!
A bat is nearby!
Found a runed dagger.
Found a ring mail.
Found a stone staircase leading down.
The helpless bat fails to defend itself.
You slash the bat!
You kill the bat!
No target in view!
No target in view!
No target in view!
No target in view!
You see here a +0 dagger of draining.
p - a +0 dagger of draining You open the door.
Grinder comes into view.
She is carrying a wand of flame (13).
There is an open door here.
Grinder is nearby!
Grinder is nearby!
Grinder zaps a wand.
The puff of flame hits you!
Grinder zaps a wand.
The puff of flame hits you! Grinder gestures at you.
You suddenly lose the ability to move!
Grinder zaps a wand.
The puff of flame hits you!
Grinder blinks!
Grinder hits you.
You writhe in agony.
* * * LOW HITPOINT WARNING * * *
Grinder zaps a wand.
The puff of flame hits you!
* * * LOW HITPOINT WARNING * * *
You can move again.
It was a potion of berserk rage.
A red film seems to cover your vision as you go berserk!
You feel yourself moving faster!
You feel mighty! Grinder hits you.
* * * LOW HITPOINT WARNING * * *
You barely miss Grinder. Grinder gestures at you.
You shrug off the repeated paralysis!
You closely miss Grinder. Grinder hits you.
* * * LOW HITPOINT WARNING * * *
You writhe in agony.
You die...

##...##
##.## #.#
#.# ##'##
##...##
##.....##
##.......##
#..5@.....#
+.........+
#.........#
##.......##
##.....##
##...##
##+##


You could see Grinder.

Vanquished Creatures
  Sigmund (D:3)
  An ice beast (D:3)
  4 gnolls (D:2)
  5 adders
  5 ball pythons
  6 bats
  5 endoplasms
  2 giant cockroaches
  4 goblins
  9 hobgoblins
  6 kobolds
  A quokka (D:2)
  3 frilled lizards
  4 rats
56 creatures vanquished.

Notes
Turn   | Place    | Note
-------+----------+-------------------------------------------
     0 | D:1      | Bruhh the Merfolk Monk began the quest for the Orb.
     0 | D:1      | Reached XP level 1. HP: 18/18 MP: 1/1
    38 | D:1      | Found a faded altar of an unknown god.
    90 | D:1      | Prayed at the altar of an unknown god.
    90 | D:1      | Became a worshipper of Uskayaw the Reveller
    90 | D:1      | Reached * piety under Uskayaw
    90 | D:1      | Reached ** piety under Uskayaw
   177 | D:1      | Reached skill level 4 in Long Blades
   224 | D:1      | Reached XP level 2. HP: 14/24 MP: 2/2
   231 | D:1      | Reached *** piety under Uskayaw
   713 | D:1      | Reached skill level 1 in Invocations
   745 | D:1      | Reached XP level 3. HP: 29/29 MP: 3/3
  1582 | D:2      | Reached skill level 5 in Long Blades
  1582 | D:2      | Gained mutation: You are partially covered in iridescent
                  | scales. (AC +2) [potion of mutation]
  1582 | D:2      | Gained mutation: You have a somewhat thin skeletal
                  | structure. (Dex +2, Stealth+) [potion of mutation]
  1583 | D:2      | HP: 1/29 [gnoll/+0 flail (5)]
  1600 | D:2      | Reached **** piety under Uskayaw
  1601 | D:2      | Reached XP level 4. HP: 35/35 MP: 5/5
  1768 | D:2      | Found Piro's Magic Scroll Shoppe.
  1952 | D:2      | Reached XP level 5. HP: 27/41 MP: 7/7
  2268 | D:2      | Found an ancient bone altar of Kikubaaqudgha.
  2354 | D:3      | Found a broken altar of Ashenzari.
  2386 | D:3      | Noticed an ice beast
  2402 | D:3      | Killed an ice beast
  2403 | D:3      | Reached skill level 6 in Long Blades
  2403 | D:3      | Reached XP level 6. HP: 37/47 MP: 8/8
  2569 | D:3      | Noticed Sigmund
  2594 | D:3      | Killed Sigmund
  2595 | D:3      | Reached skill level 7 in Long Blades
  3169 | D:3      | Noticed Grinder
  3173 | D:3      | Paralysed by Grinder for 6 turns
  3181 | D:3      | HP: 3/70 [Grinder (1)]
  3181 | D:3      | Slain by Grinder

Illustrated notes

Levels and vault maps discovered:
D:1:      saegor_arrival_miasma, layout_basic,
          shapermc_ecumenical_altar_totnotflames
D:2:      layout_loops_cross, serial_shops, shop, kennysheep_flooded_box
D:3:      layout_loops_corners, nicolae_ashenzari_skybound,
          lightli_temple_of_fire, uniq_natasha, uniq_sigmund, uniq_grinder

Skill      XL: |  1  2  3  4  5  6 |
---------------+-------------------+-----
Long Blades    | 4 5 6 7 |  7.0
Invocations    | 1 2 3 4 |  4.7
Fighting       | |  3.2
Dodging        | |  4.0
Stealth        | |  2.1

Action                   |  1- 3 |  4- 6 || total
-------------------------+-------+-------++-------
Melee: Falchion          |    88 |    73 ||   161
       Punch             |       |     2 ||     2
Invok: Stomp             |     1 |     1 ||     2
  Use: Potion            |     5 |     1 ||     6
 Stab: Sleeping          |     5 |     3 ||     8
       Paralysed         |     2 |       ||     2
Armor: Robe              |     4 |       ||     4
       Leather armour    |    11 |    16 ||    27
Dodge: Dodged            |    73 |    36 ||   109

Table legend: (Time is in decaauts)
 A = Elapsed time spent in this place.
 B = Non-inter-level travel time spent in this place.
 C = Inter-level travel time spent in this place.
 D = Time resting spent in this place.
 E = Time spent auto-exploring this place.
 F = Levels seen in this place.
 G = Mean time per level.
                   A        B        C        D        E       F      G
               +--------+--------+--------+--------+--------+-----+--------+
         Total |   3166 |   3064 |    102 |      0 |   2578 |   3 | 1055.3 |
       Dungeon |   3166 |   3064 |    102 |      0 |   2578 |   3 | 1055.3 |
               +--------+--------+--------+--------+--------+-----+--------+

Top non-repeatable levels by time:
     D:1: 1192 daAuts
     D:2: 1101 daAuts
     D:3: 873 daAuts
